 Dungeon Crawl Stone Soup version 0.22-a0-247-gbddf880 (webtiles) character file.

86 Amnesiac the Ducker (level 4, -14/27 HPs)
             Began as a Deep Elf Fighter on Feb 26, 2018.
             Demolished by an ogre
             ... wielding a +0 giant spiked club
              (22 damage)
             ... on level 4 of the Dungeon.
             The game lasted 00:03:50 (1371 turns).

Amnesiac the Ducker (Deep Elf Fighter)              Turns: 1371, Time: 00:03:51

Health: -14/27     AC:  7    Str: 19    XL:     4   Next: 26%
Magic:  6/6        EV:  8    Int: 13    God:
Gold:   14         SH:  9    Dex: 14    Spells: 3/3 levels left

rFire    . . .     SeeInvis .   a - +0 rapier
rCold    . . .     Gourm    .   c - +0 shield
rNeg     . . .     Faith    .   b - +0 scale mail
rPois    .         Spirit   .   (no helmet)
rElec    .         Reflect  .   (no cloak)
rCorr    .         Harm     +   r - +0 pair of gloves
MR       .....                  (no boots)
Stlth    ..........             k - amulet of harm
HPRegen  0.09/turn              (no ring)
MPRegen  0.10/turn              (no ring)

@: mighty
A: no striking features
a: no special abilities


You were on level 4 of the Dungeon.
You were not hungry.

You visited 1 branch of the dungeon, and saw 4 of its levels.

You collected 14 gold pieces.

Inventory:

Hand Weapons
 a - a +0 rapier (weapon)
Missiles
 e - 21 poisoned needles
 l - 2 stones (quivered)
Armour
 b - a +0 scale mail (worn)
 c - a +0 shield (worn)
 r - a +0 pair of gloves (worn)
Jewellery
 k - an amulet of harm (around neck)
Scrolls
 j - 4 scrolls of identify {!r, unknown}
 m - a scroll of blinking {!r, unknown}
 n - a scroll of fog {!r, unknown}
 o - a scroll of teleportation {!r, unknown}
 t - a scroll of fear {!r, unknown}
Potions
 h - a potion of agility {!q, unknown}
 i - a potion of haste {!q, unknown}
 p - a potion of curing {!q, unknown}
 q - a potion of invisibility {!q, unknown}
 s - a potion of lignification {!q, unknown}
 u - a potion of mutation {!q, unknown}
Comestibles
 f - 8 rations
 g - a chunk of flesh


   Skills:
 * Level 2.8 Fighting
 - Level 2.0 Short Blades
 * Level 2.8 Armour
 + Level 2.9 Dodging
 * Level 2.9 Shields


You had 3 spell levels left.
You didn't know any spells.

Dungeon Overview and Level Annotations

Branches:
Dungeon (4/15)
 Temple: D:4-7

Altars:
Ru
Yredelemnul

Annotations:
D:4 Blork the orc


Message History

Found 23 bolts.
f - 7 rations (gained 1)
You now have 14 gold pieces.
Found 19 sling bullets.
Okay, then.
There is an open door here.
As you open the door, it creaks loudly!
An adder skeleton comes into view.
An adder skeleton is nearby!
Found a fizzy yellow potion.
There is an open door here.
Char dumped successfully.
Found a glowing hand axe.
The adder skeleton barely misses you.
You puncture the adder skeleton!
The adder skeleton is severely damaged.
You block the adder skeleton's attack.
The adder skeleton bites you but does no damage.
Your scale mail prevents you from hitting the adder skeleton.
The adder skeleton is severely damaged.
You block the adder skeleton's attack.
You hit the adder skeleton but do no damage.
The adder skeleton is severely damaged.
You block the adder skeleton's attack.
You hit the adder skeleton.
You destroy the adder skeleton!
No target in view!
s - a fizzy yellow potion {!q} Some of the chunks of flesh in your inventory have rotted away.
Found a stone staircase leading down.
Eating one of 2 chunks of flesh.
You eat one of the 2 chunks of flesh.
This raw flesh tastes terrible.
t - a scroll labeled RYON YBOYCA {!r}
Found 15 stones.
There is a stone staircase leading down here.
u - a sapphire potion {!q}
f - 8 rations (gained 1) Blork the orc comes into view.
He is wielding a flail.
Blork the orc shouts!
Blork the orc gestures at you while chanting.
The magic dart hits you!
Found 14 gold pieces.
You aren't carrying any items that you can evoke.
Found a stone staircase leading up.
A hound comes into view.
An ogre comes into view. It is wielding a giant spiked club.
The ogre shouts!
The hound bites you. The hound bites you.
Really quaff
d - a potion of might {!q}?
You feel very mighty all of a sudden. The hound bites you.
* * * LOW HITPOINT WARNING * * *
You barely miss the hound. You block the hound's attack. The hound bites you.
* * * LOW HITPOINT WARNING * * *
You puncture the hound!
You kill the hound!
You have reached level 4!
You feel clever.
You barely miss the ogre. The ogre barely misses you.
You barely miss the ogre.
The ogre hits you with a giant spiked club!!
Ouch! That really hurt!
You die...

#.................##....
#.................##....
##.................##....
#.........#>.............
#...(....................
...............####......
...............# #......
........#......#####...#.
........@..........#.(.#.
......#O###.##.....#...#.
.##.....##.o......#...##
......#$.##........# ....
.........................
.......#...###.....###...
.......#...# #.....# #...
...#####...# #.....# #...
... .....# #<....# #...


You could see an ogre.

Vanquished Creatures
  A hound (D:4)
  An adder (D:2)
  2 adder skeletons
  2 worms
  A leopard gecko (D:1)
  An orc (D:4)
  A ball python (D:1)
  2 bats (D:2)
  A giant cockroach (D:1)
  3 hobgoblins
  4 jackals (D:2)
  4 kobolds
  5 frilled lizards
  3 goblins
  4 rats
35 creatures vanquished.

Notes
Turn   | Place    | Note
-------+----------+-------------------------------------------
     0 | D:1      | Amnesiac the Deep Elf Fighter began the quest for the Orb.
     0 | D:1      | Reached XP level 1. HP: 13/13 MP: 3/3
    64 | D:1      | Reached skill level 1 in Dodging
   231 | D:1      | Reached XP level 2. HP: 15/18 MP: 4/4
   278 | D:2      | Found a sacrificial altar of Ru.
   278 | D:2      | Found a basalt altar of Yredelemnul.
   492 | D:2      | Reached XP level 3. HP: 18/22 MP: 5/5
  1351 | D:4      | Noticed Blork the orc
  1359 | D:4      | Noticed an ogre
  1369 | D:4      | Reached XP level 4. HP: 7/27 MP: 6/6
  1371 | D:4      | Demolished by an ogre

Vault maps used:
D:1:      minmay_arrival_cross
D:2:      tso_oasis_becter, chequers_temple_overflow_statue_of_worship,
          minmay_strange_pillars, minmay_pentomino_r4
D:3:      nicolae_overflow_hidden_temple, grunt_temple_overflow_cloverleaf,
          first_ration, uniq_sigmund, uniq_grinder, uniq_jessica
D:4:      uniq_blork_the_orc, uniq_edmund

Skill      XL: |  1 |
---------------+----+-----
Dodging        | 2 |  2.9
Fighting       | |  2.8
Short Blades   | |  2.0
Armour         | |  2.8
Shields        | |  2.9

Action                   |  1- 3 |  4- 6 || total
-------------------------+-------+-------++-------
Melee: Rapier            |   115 |     2 ||   117
  Use: Potion            |     1 |       ||     1
  Eat: Chunk             |     2 |       ||     2
Armor: Ring mail         |    24 |       ||    24
       Scale mail        |     2 |       ||     2
Dodge: Dodged            |    42 |     1 ||    43
Block: Shield            |    38 |       ||    38

Table legend:
 A = Spawn XP
 B = Non-spawn XP
 C = Spawn XP percentage of total XP
 D = Spawn monster count
 E = Non-spawn monster count
 F = Spawn count percentage of total count
 G = Total turns spent on level
                    A         B        C        D         E        F      G
               +---------+---------+-------+---------+---------+-------+---------
         Total |       0 |     123 |   0.0 |       0 |      35 |   0.0 |  1371
               +---------+---------+-------+---------+---------+-------+---------
           D:1 |       0 |      22 |   0.0 |       0 |      14 |   0.0 |   446
           D:2 |       0 |      41 |   0.0 |       0 |      16 |   0.0 |   422
           D:3 |       0 |      10 |   0.0 |       0 |       2 |   0.0 |   313
           D:4 |       0 |      50 |   0.0 |       0 |       3 |   0.0 |   190
               +---------+---------+-------+---------+---------+-------+---------
